[Event "Titled Tuesday Blitz August 17 2021"]
[White "Richter, Nils"]
[Black "Sengupta, Deep"]
[WhiteFideId "12990809"]
[BlackFideId "5008352"]
[WhiteElo "2289"]
[BlackElo "2347"]
[Result "0-1"]
[Round "10"]
[TimeControl "180+1"]
[Date "2021.08.17"]
[WhiteClock "0:00:24"]
[BlackClock "0:01:02"]

1. e4 c5 2. Nf3 d6 3. d4 cxd4 4. Nxd4 Nf6 5. Nc3 a6 6. Be3 e5 7. Nb3 Be7 8. f3 h5 9. Nd5 Nxd5 10. exd5 Bf5 11. Bd3 Bxd3 12. Qxd3 Nd7 13. O-O Rc8 14. c4 O-O 15. Rac1 f5 16. Kh1 Bg5 17. Nd2 Nc5 18. Bxc5 Rxc5 19. b4 Rc7 20. c5 g6 21. Rc2 Re8 22. c6 bxc6 23. Rxc6 Rxc6 24. dxc6 d5 25. Nb3 Qd6 26. Qxa6 Re7 27. Qc8+ Kg7 28. Nc5 Be3 29. Nd7 Rf7 30. Qe8 Bd4 31. b5 e4 32. b6 Qxc6 33. Rb1 Qxd7 34. Qxd7 Rxd7 35. b7 Be5 36. b8=Q Bxb8 37. Rxb8 d4 38. Kg1 d3 39. Rb1 e3 40. Kf1 f4 41. Ke1 Rc7 42. a4 Rc2 43. Ra1 Rxg2 44. Kf1 Rxh2 45. Ke1 Rh1# 0-1


[Site "https://www.chess.com"]

[Event "Titled Tuesday Blitz August 17 2021"]
[White "Rodriguez Hernandez, Luis Daniel"]
[Black "Nogerbek, Kazybek"]
[WhiteFideId "3506770"]
[BlackFideId "13710427"]
[WhiteElo "2133"]
[BlackElo "2436"]
[Result "1-0"]
[Round "10"]
[TimeControl "180+1"]
[Date "2021.08.17"]
[WhiteClock "0:00:11"]
[BlackClock "0:00:02"]

1. e4 c5 2. c3 e5 3. Nf3 Nc6 4. Bc4 Be7 5. d4 cxd4 6. Qb3 Nf6 7. Bxf7+ Kf8 8. Bc4 Na5 9. Qa4 Nxe4 10. Be2 Nc6 11. cxd4 exd4 12. O-O Qb6 13. Bc4 Nf6 14. Bb5 d5 15. Bxc6 bxc6 16. Nxd4 Bd7 17. Nf3 c5 18. Qf4 Bd6 19. Qh4 d4 20. Nbd2 Be7 21. Nc4 Qe6 22. Nce5 Bb5 23. Ng6+ hxg6 24. Qxh8+ Qg8 25. Qxg8+ Kxg8 26. Re1 Bd6 27. Bg5 Nd5 28. Bh4 Nb4 29. Re6 Bf8 30. Rxg6 Re8 31. Rg5 Be2 32. Re5 Rxe5 33. Nxe5 Bd6 34. Nf3 Nc2 35. Rc1 d3 36. Bg5 c4 37. Bd2 Be7 38. Ne5 Nd4 39. Nxc4 Bh5 40. Re1 Ne2+ 41. Kh1 Bf6 42. f3 Bf7 43. b3 Bh4 44. g3 Bd5 45. Kg2 Bf6 46. Kf2 Bd4+ 47. Be3 Bf6 48. Rd1 Nc3 49. Rxd3 Bf7 50. a4 a6 51. Bd4 Bxd4+ 52. Rxd4 1-0


[Site "https://www.chess.com"]

[Event "Titled Tuesday Blitz August 17 2021"]
[White "Roman, Rodrigo"]
[Black "Taichman, Ori"]
[WhiteFideId "3701220"]
[BlackFideId "2804069"]
[WhiteElo "2043"]
[BlackElo "2227"]
[Result "0-1"]
[Round "10"]
[TimeControl "180+1"]
[Date "2021.08.17"]
[WhiteClock "0:00:52"]
[BlackClock "0:00:12"]

1. Nf3 Nf6 2. g3 g6 3. Bg2 Bg7 4. O-O O-O 5. d4 d6 6. c3 Nc6 7. Nbd2 e5 8. dxe5 dxe5 9. e4 Bh6 10. Qc2 Qe7 11. b4 Bg4 12. a4 Rfd8 13. Nc4 Bxc1 14. Raxc1 Qe6 15. Ne3 Bxf3 16. Bxf3 Ne7 17. Rfd1 h5 18. a5 h4 19. Qe2 Kg7 20. Qc4 hxg3 21. hxg3 Qc6 22. Kf1 a6 23. Ke2 Kf8 24. Qxc6 Nxc6 25. Nc4 Ke7 26. Rxd8 Rxd8 27. Rd1 Rxd1 28. Kxd1 Ne8 29. Ne3 Nf6 30. Nc4 Ne8 31. Ne3 Kd6 32. Nc4+ Ke6 33. Ne3 Ne7 34. Nd5 Nxd5 35. exd5+ Kd6 36. c4 c5 37. dxc6 bxc6 38. b5 cxb5 39. cxb5 Nc7 40. bxa6 Nxa6 41. Bb7 Nc5 42. a6 Nxb7 43. axb7 Kc7 44. Kd2 Kxb7 45. Ke3 Kc6 46. Ke4 Kd6 47. g4 f6 48. f4 exf4 49. Kxf4 Kd5 50. Ke3 Ke5 51. Kf3 Kd4 52. Kf4 Kd3 53. Kf3 g5 54. Kf2 Ke4 55. Kg3 Ke3 56. Kg2 Kf4 57. Kh3 Kf3 0-1


[Site "https://www.chess.com"]

[Event "Titled Tuesday Blitz August 17 2021"]
[White "Ronka, Erik"]
[Black "Zhuravleva, Olga"]
[WhiteFideId "505080"]
[BlackFideId "4145933"]
[WhiteElo "2264"]
[BlackElo "2119"]
[Result "1-0"]
[Round "10"]
[TimeControl "180+1"]
[Date "2021.08.17"]
[WhiteClock "0:00:26"]
[BlackClock "0:00:09"]

1. d4 g6 2. e4 Bg7 3. Nf3 d6 4. Bc4 Nc6 5. c3 e5 6. h3 h6 7. O-O Nge7 8. Be3 O-O 9. Qe2 Kh8 10. Qd2 Kh7 11. dxe5 Nxe5 12. Nxe5 dxe5 13. Na3 c6 14. Rad1 Qc7 15. Qd6 Qxd6 16. Rxd6 f5 17. f3 Ng8 18. exf5 gxf5 19. f4 e4 20. Nc2 Nf6 21. Nd4 Ne8 22. Rd8 Nf6 23. Rxf8 Bxf8 24. Rd1 b5 25. Be6 Bb7 26. Bxf5+ Kg7 27. Ne6+ Kf7 28. Nc5 Rb8 29. Nxe4 Nd5 30. Bc1 Re8 31. g4 Bc8 32. Bxc8 Rxe4 33. Bd7 Bc5+ 34. Kf1 Be3 35. Bxc6 Bxf4 36. Bxd5+ Kf6 37. Bxe4 1-0


[Site "https://www.chess.com"]

[Event "Titled Tuesday Blitz August 17 2021"]
[White "Sadovsky, Artem"]
[Black "Politov, Pavel Y."]
[WhiteFideId "4155840"]
[BlackFideId "24110515"]
[WhiteElo "2442"]
[BlackElo "2090"]
[Result "1-0"]
[Round "10"]
[TimeControl "180+1"]
[Date "2021.08.17"]
[WhiteClock "0:00:33"]
[BlackClock "0:00:32"]

1. h4 d5 2. d4 c5 3. c3 Nc6 4. dxc5 a5 5. e4 dxe4 6. Qxd8+ Nxd8 7. Be3 Nf6 8. Nd2 Ng4 9. Nxe4 Nxe3 10. fxe3 Bf5 11. Bb5+ Nc6 12. Nd2 e6 13. b4 Be7 14. Ngf3 O-O 15. Bxc6 bxc6 16. e4 Bg4 17. Ne5 h5 18. Nxc6 Bf6 19. e5 Rfc8 20. exf6 Rxc6 21. fxg7 axb4 22. cxb4 Ra3 23. O-O Rc8 24. Ne4 Kxg7 25. Rxf7+ Kxf7 26. Nd6+ Kf6 27. Nxc8 Bf5 28. Nd6 Bg4 29. c6 Rc3 30. Ne4+ 1-0


[Site "https://www.chess.com"]

[Event "Titled Tuesday Blitz August 17 2021"]
[White "Seletsky, Grigory"]
[Black "Gelman, Alexander"]
[WhiteFideId "14112191"]
[BlackFideId "4118316"]
[WhiteElo "2492"]
[BlackElo "2375"]
[Result "0-1"]
[Round "10"]
[TimeControl "180+1"]
[Date "2021.08.18"]
[WhiteClock "0:00:01"]
[BlackClock "0:00:16"]

1. e4 c5 2. Nf3 e6 3. d3 Nc6 4. g3 Nf6 5. Bg2 d5 6. Nbd2 Be7 7. O-O O-O 8. Re1 Re8 9. c3 b5 10. e5 Nd7 11. Nf1 a5 12. h4 Ba6 13. Bf4 b4 14. N1h2 a4 15. a3 bxc3 16. bxc3 Rb8 17. h5 h6 18. Ng4 Rb3 19. Qc1 Bxd3 20. Nxh6+ gxh6 21. Bxh6 Bf8 22. Bg5 Qa5 23. Qf4 Qxc3 24. Rac1 Qb2 25. Bh4 Nd4 26. Ng5 Re7 27. Bf1 Bxf1 28. Kxf1 Bh6 29. Qg4 Kh8 30. Rxc5 Nxc5 31. Nxe6 Rxe6 32. Bf6+ Rxf6 33. exf6 Ne4 34. Qc8+ Kh7 0-1


[Site "https://www.chess.com"]

[Event "Titled Tuesday Blitz August 17 2021"]
[White "Serikbay, Assel"]
[Black "Bach, Ngoc Thuy Duong"]
[WhiteFideId "13706799"]
[BlackFideId "12408956"]
[WhiteElo "2044"]
[BlackElo "1896"]
[Result "0-1"]
[Round "10"]
[TimeControl "180+1"]
[Date "2021.08.18"]
[WhiteClock "0:00:07"]
[BlackClock "0:00:13"]

1. e4 c5 2. Nf3 d6 3. d4 cxd4 4. Nxd4 Nf6 5. Nc3 a6 6. Bg5 e6 7. g4 Be7 8. Be2 Nc6 9. Nb3 Qc7 10. Qd2 b5 11. a3 Bb7 12. h4 Ne5 13. Bxf6 Bxf6 14. g5 Be7 15. f4 Nc4 16. Bxc4 bxc4 17. Nd4 Rd8 18. f5 e5 19. Nf3 d5 20. exd5 e4 21. Nd4 Bxd5 22. Nxd5 Rxd5 23. c3 Bc5 24. O-O-O Bxd4 25. cxd4 O-O 26. Qc3 Rfd8 27. f6 Qf4+ 28. Kb1 e3 29. Rhf1 Qe4+ 30. Ka1 e2 31. fxg7 exd1=Q+ 32. Rxd1 Rxd4 33. Rc1 Rd1 34. Ka2 Rxc1 35. Qxc1 Qd5 36. Qc3 Qd4 37. Qb4 Kxg7 38. Qe7 c3 39. h5 Qc4+ 0-1


[Site "https://www.chess.com"]

[Event "Titled Tuesday Blitz August 17 2021"]
[White "Seul, Georg"]
[Black "Nemeth Junior, Henrique"]
[WhiteFideId "4601653"]
[BlackFideId "2118815"]
[WhiteElo "2332"]
[BlackElo "1976"]
[Result "1-0"]
[Round "10"]
[TimeControl "180+1"]
[Date "2021.08.17"]
[WhiteClock "0:00:51"]
[BlackClock "0:00:26"]

1. e4 c5 2. Nf3 e6 3. d4 cxd4 4. Nxd4 Nc6 5. Nxc6 bxc6 6. Bd3 Nf6 7. O-O d5 8. Nd2 Be7 9. Qe2 O-O 10. e5 Nd7 11. f4 g6 12. Nf3 Nc5 13. Be3 Nxd3 14. cxd3 c5 15. d4 a5 16. Rfc1 Ba6 17. Qf2 c4 18. Kh1 Rb8 19. Rc3 Rb7 20. Rg1 Qb8 21. Bc1 Rc8 22. g4 Bb4 23. f5 Bxc3 24. bxc3 Rb1 25. Qh4 exf5 26. Ng5 h5 27. gxh5 Rxc1 28. Rxc1 Qb2 29. Rg1 Kg7 30. hxg6 Rh8 31. Nh7 fxg6 32. Qf6+ Kxh7 33. Qxg6# 1-0


[Site "https://www.chess.com"]

[Event "Titled Tuesday Blitz August 17 2021"]
[White "Shahade, Gregory"]
[Black "Rozhkov, Viacheslav"]
[WhiteFideId "2009064"]
[BlackFideId "4181484"]
[WhiteElo "2681"]
[BlackElo "2324"]
[Result "1-0"]
[Round "10"]
[TimeControl "180+1"]
[Date "2021.08.17"]
[WhiteClock "0:00:14"]
[BlackClock "0:00:04"]

1. e4 c5 2. Nf3 d6 3. d4 cxd4 4. Nxd4 Nf6 5. Nc3 Nc6 6. f3 Bd7 7. Be3 Rc8 8. Qd2 Ne5 9. O-O-O Nc4 10. Bxc4 Rxc4 11. g4 h6 12. h4 Qa5 13. g5 Nh5 14. Nb3 Qd8 15. g6 fxg6 16. Qg2 Be6 17. Qxg6+ Bf7 18. Qg2 Nf6 19. e5 Nh5 20. exd6 exd6 21. Rhe1 Be7 22. Bd4 O-O 23. Ne4 d5 24. Bc3 Qc7 25. Rg1 dxe4 26. Bxg7 Rxc2+ 27. Qxc2 Qxc2+ 28. Kxc2 Nxg7 29. fxe4 Kh7 30. Rd7 Bf6 31. Rxb7 Bg6 32. Kd3 Re8 33. Nd2 1-0


[Site "https://www.chess.com"]

[Event "Titled Tuesday Blitz August 17 2021"]
[White "Shapiro, David"]
[Black "Dang, Hoang Son"]
[WhiteFideId "24133523"]
[BlackFideId "12402435"]
[WhiteElo "2234"]
[BlackElo "2248"]
[Result "1-0"]
[Round "10"]
[TimeControl "180+1"]
[Date "2021.08.17"]
[WhiteClock "0:00:05"]
[BlackClock "0:00:05"]

1. d4 Nf6 2. Bf4 g6 3. Nc3 Bg7 4. e4 O-O 5. Qd2 d5 6. e5 Ne4 7. Nxe4 dxe4 8. O-O-O c5 9. Bh6 Qxd4 10. Bxg7 Qxd2+ 11. Rxd2 Kxg7 12. Re2 Bf5 13. h3 h5 14. g4 hxg4 15. hxg4 Be6 16. Bg2 Nc6 17. Bxe4 Nxe5 18. Bxb7 Rab8 19. Rxe5 Rxb7 20. f3 Bxa2 21. Rxc5 Be6 22. Ne2 f6 23. Nd4 Bf7 24. f4 Rd8 25. c3 Rdb8 26. Rh2 Re8 27. f5 g5 28. Re2 Rh8 29. Rb5 Rc7 30. Ne6+ Bxe6 31. Rxe6 Rh1+ 32. Kc2 Rg1 33. Rb4 Kf7 34. Kb3 Rg2 35. Ree4 Rd7 36. Red4 Rc7 37. Rbc4 Rb7+ 38. Rb4 Rc7 39. Rb8 a5 40. Rb5 Ra7 41. Ka4 Rg1 42. Kb3 a4+ 43. Ka2 Rg2 44. Ka3 Rg1 45. Ka2 Rc1 46. Rc4 Ke8 47. Rbb4 a3 48. bxa3 Rc2+ 49. Kb3 Rc1 50. a4 Ra1 51. Re4 Rb1+ 52. Kc2 Ra1 53. Kb2 Rg1 54. Rb5 Rg3 55. a5 Rc7 56. a6 Rgxc3 57. Rb8+ Kf7 58. Rb7 Rc2+ 59. Kb3 R7c3+ 60. Kb4 Rc8 61. Rexe7+ Kg8 62. a7 R2c4+ 63. Ka5 R4c5+ 64. Rb5 Rc1 65. Ka6 Kf8 66. Rd7 Ke8 67. Rh7 Ra1+ 68. Kb7 Rc4 69. a8=Q+ Rxa8 70. Kxa8 Ra4+ 71. Kb8 Rxg4 72. Rc5 Rb4+ 73. Ka7 Ra4+ 74. Kb7 Rb4+ 75. Ka6 Ra4+ 76. Kb5 1-0


[Site "https://www.chess.com"]

[Event "Titled Tuesday Blitz August 17 2021"]
[White "Shishkov, Andrei"]
[Black "Prraneeth Vuppala"]
[WhiteFideId "4500563"]
[BlackFideId "46622373"]
[WhiteElo "2322"]
[BlackElo "1759"]
[Result "0-1"]
[Round "10"]
[TimeControl "180+1"]
[Date "2021.08.17"]
[WhiteClock "0:00:45"]
[BlackClock "0:00:31"]

1. d4 Nf6 2. c4 e6 3. Nc3 Bb4 4. Qc2 d5 5. cxd5 exd5 6. Bg5 h6 7. Bh4 c5 8. dxc5 g5 9. Bg3 Ne4 10. e3 Qa5 11. Ne2 Bf5 12. Nd4 Nxg3 13. Nxf5 Nxf5 14. Qxf5 Bxc3+ 15. Kd1 Bxb2 16. Rb1 Qa4+ 17. Ke2 Bg7 18. Qc8+ Ke7 19. Rxb7+ Nd7 20. Qc7 Qc2+ 21. Kf3 Qe4+ 22. Ke2 Rhd8 23. Qd6+ Ke8 24. c6 Qc2+ 25. Kf3 g4+ 26. Kxg4 Ne5+ 0-1


[Site "https://www.chess.com"]

[Event "Titled Tuesday Blitz August 17 2021"]
[White "Shkapenko, Pavel"]
[Black "Baches Garcia, Guillermo"]
[WhiteFideId "4151933"]
[BlackFideId "2209764"]
[WhiteElo "2386"]
[BlackElo "2494"]
[Result "1/2-1/2"]
[Round "10"]
[TimeControl "180+1"]
[Date "2021.08.17"]
[WhiteClock "0:01:07"]
[BlackClock "0:00:12"]

1. e4 e5 2. Nf3 Nc6 3. Nc3 Nf6 4. Nxe5 Bc5 5. d4 Bxd4 6. Nxc6 dxc6 7. Bd3 Ng4 8. Qf3 Nxf2 9. Rf1 Nxd3+ 10. cxd3 Be6 11. Be3 Bxc3+ 12. bxc3 Qxd3 13. Bd4 Qxf3 14. gxf3 f6 15. Rg1 Kf7 16. f4 b6 17. Kf2 Rad8 18. f5 Bc4 19. e5 fxe5 20. Bxe5 Rd2+ 21. Kf3 Rg8 1/2-1/2


[Site "https://www.chess.com"]

[Event "Titled Tuesday Blitz August 17 2021"]
[White "Shtyka, Sergey"]
[Black "Malicka, Maria"]
[WhiteFideId "4138465"]
[BlackFideId "1197576"]
[WhiteElo "2064"]
[BlackElo "1882"]
[Result "1-0"]
[Round "10"]
[TimeControl "180+1"]
[Date "2021.08.17"]
[WhiteClock "0:00:53"]
[BlackClock "0:02:19"]

1. e4 c5 2. Nf3 d6 3. d4 cxd4 4. Nxd4 Nf6 5. Nc3 a6 6. Bc4 e6 7. O-O Be7 8. Be3 Qc7 9. Bd3 Nbd7 10. f4 O-O 11. Qf3 b5 12. a3 Bb7 13. Qh3 g6 14. f5 e5 15. Nf3 Nc5 16. fxg6 hxg6 17. Ng5 Rfc8 18. Rf3 Qd7 19. Qh6 Bf8 20. Qh4 Bg7 21. Raf1 Ne6 22. Rxf6 Bxf6 23. Qh7+ Kf8 24. Rxf6 Nxg5 25. Bxg5 d5 26. Qh8+ Ke7 27. Re6+ 1-0


[Site "https://www.chess.com"]

[Event "Titled Tuesday Blitz August 17 2021"]
[White "Siva Mahadevan"]
[Black "Quintiliano Pinto, Renato R."]
[WhiteFideId "25043153"]
[BlackFideId "2117568"]
[WhiteElo "2203"]
[BlackElo "2439"]
[Result "1-0"]
[Round "10"]
[TimeControl "180+1"]
[Date "2021.08.17"]
[WhiteClock "0:01:17"]
[BlackClock "0:00:04"]

1. e4 c5 2. Nf3 d6 3. d4 cxd4 4. Nxd4 Nf6 5. Nc3 a6 6. Bg5 e6 7. f4 h6 8. Bh4 Qb6 9. Qd2 Qxb2 10. Rb1 Qa3 11. e5 dxe5 12. fxe5 Nfd7 13. Ne4 Qxa2 14. Rd1 Qd5 15. Qe3 Qxe5 16. c3 Bc5 17. Bg3 Qd5 18. Bc4 Qxc4 19. Bd6 Nf6 20. Nxc5 Nd5 21. Qe5 Rg8 22. Ndxe6 fxe6 23. Nxe6 Nf6 24. Nxg7+ Kf7 25. Rf1 Qxf1+ 26. Kxf1 Nc6 27. Qe3 Rxg7 28. Qxh6 Be6 29. Re1 Rag8 30. Bg3 Rh7 31. Qe3 Re8 32. Qb6 Kg6 33. Kg1 Rhe7 34. Rf1 Bc4 35. Qb1+ Re4 36. Rf3 b5 37. Bh4 Nd5 38. Bf2 Kg7 39. Rg3+ Kf8 40. Qc1 Nf4 41. Rf3 Kg8 42. Rxf4 1-0


[Site "https://www.chess.com"]

[Event "Titled Tuesday Blitz August 17 2021"]
[White "Solon, Nathan"]
[Black "Vasli, Aref"]
[WhiteFideId "2017229"]
[BlackFideId "417521"]
[WhiteElo "2685"]
[BlackElo "2257"]
[Result "0-1"]
[Round "10"]
[TimeControl "180+1"]
[Date "2021.08.17"]
[WhiteClock "0:01:26"]
[BlackClock "0:00:33"]

1. d4 Nf6 2. c4 e6 3. Nf3 c5 4. d5 exd5 5. cxd5 d6 6. Nc3 g6 7. Bf4 a6 8. a4 Bg7 9. h3 O-O 10. e3 Re8 11. Nd2 Nbd7 12. Be2 Ne5 13. O-O Rb8 14. Qc2 Bf5 15. e4 Bc8 16. Nc4 Nxc4 17. Bxc4 Nh5 18. Bh2 Qg5 19. Qc1 Qe7 20. Re1 Be5 21. Bxe5 Qxe5 22. Qe3 Nf4 23. Ne2 Nxe2+ 24. Rxe2 b5 25. axb5 axb5 26. Bd3 c4 27. Bb1 b4 28. f4 Qf6 29. e5 dxe5 30. fxe5 Qh4 31. Ra7 Bb7 32. Qf3 Qd4+ 33. Kh2 Qxa7 0-1


[Site "https://www.chess.com"]

[Event "Titled Tuesday Blitz August 17 2021"]
[White "Stefanov, Plamen"]
[Black "Bonte, Andrei-Mihai"]
[WhiteFideId "2900980"]
[BlackFideId "1210297"]
[WhiteElo "2137"]
[BlackElo "2200"]
[Result "0-1"]
[Round "10"]
[TimeControl "180+1"]
[Date "2021.08.18"]
[WhiteClock "0:01:20"]
[BlackClock "0:00:23"]

1. e4 c6 2. d4 d5 3. exd5 cxd5 4. c4 Nf6 5. Nc3 Nc6 6. Nf3 Bg4 7. c5 Bxf3 8. gxf3 e5 9. Qe2 Nxd4 10. Qxe5+ Qe7 11. Bb5+ Nxb5 12. Qxe7+ Bxe7 13. Nxb5 O-O 14. O-O Bxc5 15. Bg5 a6 16. Bxf6 axb5 17. Bc3 d4 18. Bd2 Rfe8 19. b4 Bb6 20. a3 f6 21. Rfe1 Kf7 22. Kf1 Rxe1+ 23. Bxe1 Ke6 24. Ke2 Kd5 25. Kd3 Re8 26. Bd2 Ra8 27. Bf4 Bd8 28. Bc1 Be7 29. Rb1 Bd6 30. Bb2 Bxh2 31. Rh1 Be5 32. Rxh7 f5 33. Rh5 Ke6 34. Rg5 Kf6 35. Rg2 Rh8 36. Bxd4 Rd8 37. f4 Rxd4+ 38. Ke3 Rxf4 39. f3 g5 40. Rc2 Bd4+ 41. Ke2 Bb6 42. Rc8 Rc4 43. Rf8+ Ke5 44. Re8+ Kf4 45. Rb8 Rc2+ 46. Kd3 Rf2 47. Rxb7 Rxf3+ 48. Ke2 Rf2+ 49. Ke1 Be3 50. Rxb5 Ra2 51. Ra5 Ke4 52. Kd1 Kd3 53. Rd5+ Bd4 54. Rxd4+ Kxd4 55. Kc1 Rxa3 56. Kb2 Ra4 57. Kb3 Ra1 58. b5 Rb1+ 59. Ka4 Rxb5 60. Kxb5 f4 61. Kb4 g4 62. Kb3 Kd3 63. Kb2 Kd2 64. Kb3 Kd3 65. Kb4 f3 66. Kc5 g3 67. Kd5 f2 68. Ke5 g2 69. Kf6 g1=N 70. Kg5 f1=R 71. Kg4 Ne2 72. Kh3 Ke4 73. Kg4 Nd4 74. Kg5 Nf5 75. Kg6 Nd6 76. Kg7 Rg1+ 77. Kf6 Rg2 78. Ke6 Rg6+ 79. Kd7 Nc4 80. Kc7 Kd5 81. Kb7 Ne5 82. Kc7 Kc5 83. Kb7 Rg7+ 84. Ka6 Rf7 0-1


[Site "https://www.chess.com"]

[Event "Titled Tuesday Blitz August 17 2021"]
[White "Stoyanov, Tsvetan"]
[Black "Real De Azua, Ernesto"]
[WhiteFideId "2917173"]
[BlackFideId "108154"]
[WhiteElo "2191"]
[BlackElo "2476"]
[Result "1-0"]
[Round "10"]
[TimeControl "180+1"]
[Date "2021.08.17"]
[WhiteClock "0:00:12"]
[BlackClock "0:00:03"]

1. e4 e5 2. Nf3 Nc6 3. d4 exd4 4. Nxd4 Bc5 5. Nxc6 Qf6 6. Qf3 bxc6 7. Nd2 Ne7 8. Nb3 Bb6 9. a4 a5 10. Bd2 Ng6 11. Bc3 Qxf3 12. gxf3 f6 13. Bc4 Ne5 14. Be2 d6 15. h4 Bd7 16. h5 Ke7 17. f4 Nf7 18. Rg1 Rhg8 19. Bc4 Be6 20. Bxe6 Kxe6 21. Ke2 g5 22. hxg6 hxg6 23. Rxg6 Rxg6 24. f5+ Ke7 25. fxg6 Ne5 26. Rg1 d5 27. Nd4 Bxd4 28. Bxd4 Nd7 29. exd5 cxd5 30. Rh1 Ke6 31. Bc3 c5 32. g7 Rg8 33. Rg1 d4 34. Bxa5 Ne5 35. Bd2 c4 36. f4 d3+ 37. cxd3 cxd3+ 38. Kf2 Nc4 39. Bc3 d2 40. Ke2 Kf5 41. b3 Nd6 42. Kxd2 Ne4+ 43. Kd3 Nf2+ 44. Kc4 Ne4 45. Bd4 Kxf4 46. a5 f5 47. a6 Nd6+ 48. Kd5 Nb5 49. Be5+ Kf3 50. Kc5 Ke4 51. Kxb5 Kxe5 52. a7 f4 53. a8=Q Rxa8 54. g8=Q Rxg8 55. Rxg8 1-0


[Site "https://www.chess.com"]

[Event "Titled Tuesday Blitz August 17 2021"]
[White "Stribuk, Artiom"]
[Black "Primbetov, Kazbek"]
[WhiteFideId "13515659"]
[BlackFideId "13702297"]
[WhiteElo "2224"]
[BlackElo "2184"]
[Result "1-0"]
[Round "10"]
[TimeControl "180+1"]
[Date "2021.08.17"]
[WhiteClock "0:00:21"]
[BlackClock "0:00:03"]

1. d4 Nf6 2. c4 g6 3. Nf3 Bg7 4. g3 O-O 5. Bg2 d6 6. O-O c5 7. Nc3 Nc6 8. d5 Na5 9. Nd2 a6 10. Qc2 Rb8 11. b3 b5 12. Bb2 e5 13. dxe6 Bxe6 14. cxb5 axb5 15. Rad1 d5 16. Nde4 Bf5 17. Nxf6+ Qxf6 18. Qd2 b4 19. Na4 d4 20. Nxc5 Rfd8 21. Nd3 Nc6 22. Rc1 Ne5 23. Nxb4 h5 24. Nc6 Nxc6 25. Rxc6 Qe7 26. Rfc1 h4 27. Rc7 Qf6 28. Qf4 g5 29. Qf3 g4 30. Qc6 Rd6 31. Qc5 h3 32. Bf1 Rbd8 33. Rc6 Be4 34. Rxd6 Rxd6 35. Qc8+ Kh7 36. Qxg4 Bf5 37. Qf3 Qg6 38. Rd1 Be4 39. Qf4 Bc2 40. Re1 Bh6 41. Qh4 Kg8 42. Qxh3 Bd2 43. Ra1 Bc3 44. Bxc3 Kg7 45. Bb4 1-0


[Site "https://www.chess.com"]

[Event "Titled Tuesday Blitz August 17 2021"]
[White "Szente Varga, Fruzsina"]
[Black "Boskovic, Drasko"]
[WhiteFideId "712264"]
[BlackFideId "927368"]
[WhiteElo "2106"]
[BlackElo "2388"]
[Result "0-1"]
[Round "10"]
[TimeControl "180+1"]
[Date "2021.08.17"]
[WhiteClock "0:00:36"]
[BlackClock "0:01:51"]

1. e4 c5 2. Nf3 Nc6 3. Bb5 d6 4. d4 cxd4 5. Qxd4 Bd7 6. Qd3 Nf6 7. c4 a6 8. Bxc6 Bxc6 9. Nc3 g6 10. O-O Bg7 11. h3 O-O 12. Be3 Rc8 13. b4 b6 14. b5 axb5 15. cxb5 Bb7 16. Rac1 Qd7 17. a4 Rxc3 18. Qxc3 Bxe4 19. Bxb6 Nd5 20. Qc6 Qf5 21. Nd4 Qg5 22. g3 Qh5 23. Kh2 Nf6 24. Qc3 Ng4+ 25. Kg1 Qxh3 26. f3 Qh2# 0-1


[Site "https://www.chess.com"]

[Event "Titled Tuesday Blitz August 17 2021"]
[White "Tanenbaum, Zachary"]
[Black "Cunha, Lucas Aguiar"]
[WhiteFideId "2060850"]
[BlackFideId "2125404"]
[WhiteElo "2165"]
[BlackElo "2361"]
[Result "0-1"]
[Round "10"]
[TimeControl "180+1"]
[Date "2021.08.17"]
[WhiteClock "0:00:02"]
[BlackClock "0:00:30"]

1. e4 c5 2. Nf3 e6 3. d4 cxd4 4. Nxd4 Nc6 5. Nc3 Qc7 6. g3 a6 7. Bg2 Nf6 8. O-O d6 9. Re1 Ne5 10. f4 Ned7 11. g4 g6 12. g5 Nh5 13. f5 Ne5 14. Rf1 Be7 15. Bh3 Qd8 16. fxe6 O-O 17. exf7+ Rxf7 18. Bxc8 Rxc8 19. Rxf7 Nxf7 20. Qg4 Ne5 21. Qe6+ Kh8 22. Nd5 Bxg5 23. Bxg5 Qxg5+ 24. Kh1 Rf8 25. Rg1 Qd8 26. Qh3 Rf2 27. Ne6 Qd7 28. Qe3 Rf3 29. Qh6 Qxe6 30. c4 Ng4 31. Qg5 Nf2+ 32. Kg2 Qh3# 0-1


[Site "https://www.chess.com"]

[Event "Titled Tuesday Blitz August 17 2021"]
[White "Thing, Bibek"]
[Black "Iskusnyh, Sergei"]
[WhiteFideId "12303135"]
[BlackFideId "4120027"]
[WhiteElo "2000"]
[BlackElo "2492"]
[Result "1/2-1/2"]
[Round "10"]
[TimeControl "180+1"]
[Date "2021.08.17"]
[WhiteClock "0:00:05"]
[BlackClock "0:00:10"]

1. e4 e6 2. d4 d5 3. Nc3 Nf6 4. e5 Nfd7 5. f4 c5 6. Nf3 Nc6 7. Be3 Rb8 8. Qd2 Qa5 9. Be2 b5 10. O-O b4 11. Nd1 cxd4 12. Nxd4 Nxd4 13. Bxd4 Bc5 14. Kh1 Ba6 15. Bxa6 Qxa6 16. Ne3 Qb6 17. c3 bxc3 18. bxc3 Qb2 19. Qd1 O-O 20. f5 Bxd4 21. cxd4 Qc3 22. fxe6 fxe6 23. Qg4 Rfe8 24. Nxd5 exd5 25. Qxd7 Qxd4 26. Rae1 h6 27. e6 Qh4 28. Qf7+ Kh8 29. e7 d4 30. h3 d3 31. Qd5 Rxe7 32. Rxe7 Qxe7 33. Qxd3 Rd8 34. Qf3 Qe5 35. Qa3 a5 36. Qf3 Qd4 37. Qf4 a4 38. Qxd4 Rxd4 39. Rf8+ Kh7 40. Ra8 Kg6 41. Kh2 Kf6 42. Ra5 g6 43. Kh1 h5 44. Kh2 h4 45. Kh1 g5 46. Kh2 g4 47. hxg4 Rxg4 48. Kh3 Rg3+ 49. Kh2 Ra3 50. Rh5 Rxa2 51. Rxh4 a3 52. Ra4 Ra1 53. Kg3 Ke5 54. Ra8 Kd4 55. Kg4 Kc3 56. g3 Kb2 57. Kg5 Rc1 58. g4 Rc5+ 59. Kh6 Kb3 60. g5 Rc4 61. Rxa3+ Kxa3 62. g6 Rh4+ 63. Kg5 Rh1 64. g7 Kb4 65. Kf6 Rf1+ 66. Ke7 Rg1 67. Kf7 Rf1+ 68. Ke7 Rg1 69. Kf7 Kc5 70. g8=Q Rxg8 71. Kxg8 1/2-1/2


[Site "https://www.chess.com"]

[Event "Titled Tuesday Blitz August 17 2021"]
[White "Timofeev, Artyom"]
[Black "Shimanov, Aleksandr"]
[WhiteFideId "4140419"]
[BlackFideId "4198603"]
[WhiteElo "2582"]
[BlackElo "2596"]
[Result "0-1"]
[Round "10"]
[TimeControl "180+1"]
[Date "2021.08.17"]
[WhiteClock "0:00:18"]
[BlackClock "0:00:46"]

1. c4 c6 2. Nf3 d5 3. b3 Bg4 4. Bb2 e6 5. e3 Nd7 6. Be2 Ngf6 7. Nc3 Bd6 8. d4 O-O 9. h3 Bh5 10. O-O a6 11. a4 Qe7 12. a5 Rad8 13. Qc1 e5 14. cxd5 cxd5 15. Qd1 Bxf3 16. Bxf3 e4 17. Be2 Nb8 18. Qc1 Rc8 19. Qb1 Bb4 20. Rc1 Nc6 21. Qa2 Nxa5 22. Na4 Nc6 23. Nc5 a5 24. Qa4 Na7 25. Bf1 h5 26. g3 h4 27. g4 Nh7 28. Ba3 Bxa3 29. Qxa3 b6 30. b4 bxc5 31. b5 Rb8 32. Rxc5 Ng5 33. Be2 Qf6 34. Rxd5 Nxh3+ 35. Kg2 Qxf2+ 36. Kxh3 Qg3# 0-1


[Site "https://www.chess.com"]

[Event "Titled Tuesday Blitz August 17 2021"]
[White "Tokman, Ariel"]
[Black "Voiteanu, Gabriel"]
[WhiteFideId "117420"]
[BlackFideId "1208810"]
[WhiteElo "2345"]
[BlackElo "2046"]
[Result "1/2-1/2"]
[Round "10"]
[TimeControl "180+1"]
[Date "2021.08.18"]
[WhiteClock "0:00:24"]
[BlackClock "0:01:07"]

1. c4 Nf6 2. Nf3 g6 3. b3 Bg7 4. Bb2 O-O 5. e3 c5 6. Be2 Nc6 7. O-O d5 8. cxd5 Nxd5 9. Bxg7 Kxg7 10. Nc3 Nxc3 11. dxc3 Qxd1 12. Rfxd1 Bg4 13. h3 Bxf3 14. Bxf3 Rfd8 15. Bxc6 bxc6 16. Kf1 e5 17. e4 f5 18. Ke2 Kf6 19. Ke3 Ke6 20. f4 a5 21. fxe5 Kxe5 22. exf5 gxf5 23. Kf3 h5 24. Re1+ Kf6 25. Rad1 a4 26. Kf4 axb3 27. axb3 Rab8 28. Rxd8 Rxd8 29. Re5 Rd5 30. Rxd5 cxd5 31. b4 d4 32. bxc5 dxc3 33. Ke3 Ke5 34. Kd3 Kd5 35. Kxc3 Kxc5 36. Kd3 Kd5 37. Ke3 Ke5 38. h4 f4+ 39. Kf3 Kf5 40. g3 fxg3 41. Kxg3 Ke4 42. Kh3 Kf3 43. Kh2 Kg4 44. Kh1 Kxh4 45. Kh2 Kg4 46. Kh1 Kg3 47. Kg1 h4 48. Kh1 h3 49. Kg1 h2+ 50. Kh1 Kh3 1/2-1/2


[Site "https://www.chess.com"]